 Dungeon Crawl Stone Soup version 0.28-b1-25-g9875b3fc8c (webtiles) character file.

Game seed: 15675052978060062279

61672 Kaptain the Geomancer (level 15, -1/90 HPs)
             Began as a Gargoyle Earth Elementalist on Feb 1, 2022.
             Killed by divine providence
             ... invoked by a meliai
              (11 damage)
             ... on level 1 of the Spider Nest.
             The game lasted 01:14:52 (29493 turns).

Kaptain the Geomancer (GrEE)                       Turns: 29493, Time: 01:14:53

Health: -1/90      AC: 23    Str: 14    XL:     15   Next: 3%
Magic:  19/30      EV: 14    Int: 21    God:
Gold:   1854       SH:  5    Dex: 10    Spells: 25/36 levels left

rFire   + + .      SeeInvis .   m - staff of earth
rCold   . . .      Faith    .   z - orb {*channel}
rNeg    + . .      Spirit   .   L - +0 steam dragon scales
rPois   ∞          Reflect  +   A - +0 helmet
rElec   +          Harm     .   w - +0 cloak
rCorr   .          Rampage  .   Q - +0 pair of gloves
Will    +....                   E - +0 pair of boots
Stlth   ++++......              N - amulet of reflection
HPRegen 0.25/turn               r - ring of protection from fire
MPRegen 0.22/turn               Y - ring of protection from fire

@: flying, studying Stealth
A: sickness immunity, AC +11, big wings, negative energy resistance 1,
electricity resistance, torment resistance 1, petrification resistance
a: no special abilities


You were on level 1 of the Spider Nest.
You visited 5 branches of the dungeon, and saw 21 of its levels.
You also visited: Ossuary and Ice Cave.

You collected 2960 gold pieces.
You spent 1106 gold pieces at shops.

Inventory:

Hand Weapons
 u - a +1 mace of protection
 G - a +2 flail of freezing
 J - the +5 trident of Profit {flame, Dex+4}
   (You took it off a spriggan on level 5 of the Lair of Beasts)

   It burns those it strikes, dealing additional fire damage.
   Dex:       It affects your dexterity (+4).
 M - a +2 scimitar of flaming
 W - a +2 dagger of venom
Missiles
 p - 197 stones
Armour
 w - a +0 cloak (worn)
 z - an orb of energy (worn)
 A - a +0 helmet (worn)
 E - a +0 pair of boots (worn)
 L - +0 steam dragon scales (worn)
 P - a +0 troll leather armour
 Q - a +0 pair of gloves (worn)
Magical Staves
 m - a staff of earth (weapon)
 X - a staff of cold
Jewellery
 k - a ring of resist corrosion
 r - a ring of protection from fire (left hand)
 N - an amulet of reflection (around neck)
 R - the amulet "Bicsil" {Acrobat Str+3}
   (You found it on level 5 of the Lair of Beasts)

   [amulet of the acrobat]

   It increases your evasion while moving and waiting.
   Str:       It affects your strength (+3).
 Y - a ring of protection from fire (right hand)
Wands
 B - a wand of acid (14)
 S - a wand of digging (6)
 U - a wand of iceblast (7)
Scrolls
 a - 7 scrolls of teleportation
 e - 4 scrolls of amnesia
 h - 2 scrolls of fog
 i - 5 scrolls of fear
 j - 5 scrolls of enchant weapon
 o - 2 scrolls of blinking
 y - 4 scrolls of summoning
 D - 2 scrolls of brand weapon
 H - a scroll of silence
 I - 2 scrolls of holy word
 O - 2 scrolls of enchant armour
 V - 2 scrolls of immolation
Potions
 b - 4 potions of lignification
 c - a potion of magic
 d - 3 potions of haste
 f - 3 potions of resistance
 g - 5 potions of curing
 l - 4 potions of berserk rage
 n - 4 potions of might
 q - 2 potions of invisibility
 t - 2 potions of brilliance
 x - 2 potions of mutation
 K - 2 potions of flight
 T - a potion of cancellation
Miscellaneous
 C - a condenser vane


   Skills:
 + Level 9.2 Fighting
 + Level 9.2 Armour
 + Level 7.2 Dodging
 + Level 11.1 Stealth
 * Level 11.2 Spellcasting
 * Level 12.8 Conjurations
 - Level 0.7 Transmutations
 * Level 14.5 Earth Magic


You had 25 spell levels left.
You knew the following spells:

 Your Spells              Type           Power      Damage    Failure   Level
a - Sandblast             Erth           100%       2d20      0%          1
b - Stone Arrow           Conj/Erth      100%       3d13      1%          3
c - Blink                 Tloc           22%        N/A       9%          2
d - Lee's Rapid Deconstr  Erth           41%        3d21*     1%          5

Your spell library contained the following spells:

 Spells                   Type           Power      Damage    Failure   Level
 Passwall                 Tmut/Erth      50%        N/A       1%          2
 Petrify                  Tmut/Erth      60%        N/A       2%          4
 Sting                    Tmut/Pois      52%        1d5       4%          1
 Fulminant Prism          Conj/Hex       19%        3d11      4%          4
 Iskenderun's Mystic Bla  Conj/Tloc      38%        2d9       4%          4
 Animate Skeleton         Necr           22%        N/A       6%          1
 Apportation              Tloc           22%        N/A       6%          1
 Pain                     Necr           44%        1d6       6%          1
 Summon Small Mammal      Summ           44%        N/A       6%          1
 Poisonous Vapours        Pois/Air       22%        N/A       9%          2
 Lightning Bolt           Conj/Air       19%        1d33      12%         5
 Gell's Gravitas          Tloc           11%        N/A       17%         3
 Inner Flame              Hex/Fire       11%        N/A       17%         3
 Lesser Beckoning         Tloc           11%        N/A       17%         3
 Ozocubu's Armour         Ice            11%        N/A       17%         3
 Teleport Other           Tloc           11%        N/A       17%         3
 Vampiric Draining        Necr           11%        2d6       17%         3
 Freezing Cloud           Conj/Ice/Air   14%        6-21      28%         5
 Airstrike                Air            5%         N/A       50%         4
 Cause Fear               Hex            5%         N/A       50%         4
 Olgreb's Toxic Radiance  Pois           11%        N/A       50%         4
 Passage of Golubria      Tloc           11%        N/A       50%         4
 Summon Lightning Spire   Summ/Air       11%        N/A       50%         4
 Lehudib's Crystal Spear  Conj/Erth      40%        10d10     80%         8
 Manifold Assault         Tloc           11%        N/A       85%         5
 Silence                  Hex/Air        5%         N/A       85%         5
 Dispersal                Tloc           5%         N/A       100%        6
 Simulacrum               Ice/Necr       5%         N/A       100%        6
 Ozocubu's Refrigeration  Ice            5%         4d6       100%        7
 Discord                  Hex            5%         N/A       100%        8
 Polar Vortex             Ice            5%         N/A       100%        9
 Shatter                  Erth           41%        3d32*     100%        9


Dungeon Overview and Level Annotations

Branches:
Dungeon (11/15)            Temple (1/1) D:6            Lair (6/6) D:9
 Shoals (0/4) Lair:3       Spider (1/4) Lair:3        Slime (0/5) Lair:6
    Orc (2/2) D:10            Elf (0/3) Orc:2       Ossuary (visited)
  IceCv (visited)

Altars:
Ashenzari
Cheibriados
Dithmenos
Elyvilon
Fedhas
Gozag
Hepliaklqana
Kikubaaqudgha
Makhleb
Nemelex Xobeh
Okawaru
Qazlal
Ru
Sif Muna
Trog
Uskayaw
Vehumet
Wu Jian
Xom
Yredelemnul
Zin
The Shining One
Jiyva
Lugonu

Shops:
D:11 *   Orc:1 (**   Orc:2 ?**!

Portals:
Abyss: Lair:6
Trove: D:10 (give 2 scrolls of acquirement)

Annotations:
D:2 Grinder
D:7 2 transporters, Tinylith's ghost, novice DsBe
D:9 2 transporters, hitsuchi's ghost, novice GnWn


Innate Abilities, Weirdness & Mutations

You are immune to sickness and miasma.
Your stone body is resilient. (AC +11)
You are immune to poison.
Your large and strong wings let you fly.
You resist negative energy. (rN+)
You are resistant to electric shocks. (rElec)
You are resistant to unholy torment.
You are immune to petrification.


Message History

* * * LOW HITPOINT WARNING * * *
The meliai stings you but does no damage.
Unknown command.
Magic courses through your body. The meliai barely misses you.
The meliai misses you. The meliai hits you with a +0 war axe.
* * * LOW HITPOINT WARNING * * *
The meliai misses you. The meliai closely misses you.
The meliai stings you but does no damage.
The meliai barely misses you. The meliai closely misses you.
Unknown command.
Casting: Sandblast (safe; 0% risk of failure)
Confirm with . or Enter, or press ? or * to list all spells.
Aiming: Sandblast (safe; 0% risk of failure)
Press: ? - help, Shift-Dir - straight line, f/p - meliai
Aim: a meliai, wielding a +0 hand axe and wearing a +0 robe of cold resistance (76% to hit)
You feel a surge of power!
The blast of sand hits the meliai!
The meliai is moderately wounded.
The meliai hits you with a +0 hand axe!
* * * LOW HITPOINT WARNING * * *
You block the meliai's attack. The meliai hits you but does no damage.
The meliai stings you but does no damage.
The meliai hits you with a +0 hand axe.
* * * LOW HITPOINT WARNING * * *
The meliai stings you.
* * * LOW HITPOINT WARNING * * *
The meliai closely misses you. The meliai barely misses you.
Casting: Sandblast (safe; 0% risk of failure)
Confirm with . or Enter, or press ? or * to list all spells.
Aiming: Sandblast (safe; 0% risk of failure)
Press: ? - help, Shift-Dir - straight line, f/p - meliai
Aim: a meliai, wielding a +0 hand axe and wearing a +0 robe of cold resistance (moderately wounded, 76% to hit)
You feel a surge of power!
The blast of sand hits the meliai!
The meliai is severely wounded.
The meliai hits you but does no damage. The meliai completely misses you.
The meliai barely misses you.
The meliai stings you but does no damage.
The meliai barely misses you. The meliai closely misses you.
The meliai calls down the wrath of its god upon you.
Something smites you!
You die...

##..## #....#
## ##....##.#
#......#.#
..#.......#
..........#
#....<.#
##...y.#
##.)y@# #...†#
##....##
#......#
#......#
#.......$.....
###.#......!..
####...^....
####.....


You could see 2 meliai.

Vanquished Creatures
  An orc warlord (D:10)
  2 ettins (Orc:2)
  Snorg (Lair:3)
  The ghost of Jeban the Spear-Bearer, a journeyman OpFi of Gozag (Lair:4)
  4 ogre magi
  A catoblepas (Lair:3)
  4 hydras
  15 two-headed ogres
  3 thrashing horrors (Lair:6)
  Urug (Orc:1)
  An orc high priest (Orc:2)
  3 spriggans (Lair:5)
  A steelbarb worm (Spider:1)
  An orc knight (D:10)
  4 ugly things (Lair:6)
  2 oklob plants (Lair:1)
  A cyclops (D:11)
  4 elephants
  Joseph (D:7)
  3 black mambas (Lair:3)
  2 smoke demons (Lair:6)
  13 cane toads
  A rime drake (Lair:3)
  A gargoyle (D:10)
  7 komodo dragons
  An ancient zyme (Lair:6)
  A troll (D:8)
  A polar bear (Lair:1)
  2 hornets (Lair:5)
  A meliai (Spider:1)
  15 blink frogs
  12 dream sheep
  A snapping turtle (shapeshifter) (Lair:6)
  2 wyverns
  2 ynoxinuls (Lair:6)
  Sigmund (D:6)
  A wraith (D:11)
  32 yaks
  A chaos spawn (Lair:6)
  2 basilisks
  8 small abominations (Lair:6)
  2 redbacks (Lair:3)
  4 steam dragons
  5 vampire mosquitoes (Lair:3)
  Menkaure (D:5)
  4 wargs
  An acid dragon (D:8)
  Duvessa (D:5)
  9 water moccasins
  15 orc warriors
  A sky beast (D:8)
  2 swamp drakes (Lair:3)
  An ice beast (D:6)
  A necrophage (D:6)
  2 black bears
  34 ogres
  11 wolves
  A boggart (Lair:5)
  7 centaurs
  4 elf zombies (Ossuary)
  3 kobold brigands
  An earth elemental (D:11)
  2 scorpions
  12 bullfrogs
  Dowan (D:5)
  12 killer bees
  10 wights
  A howler monkey (D:10)
  8 centaur zombies
  A bullfrog skeleton (D:7)
  3 human zombies (Ossuary)
  2 jellies
  Crazy Yiuf (D:5)
  13 orc priests
  2 hounds
  3 iguanas (D:6)
  20 orc wizards
  5 hell rats (Lair:2)
  3 mummies (Ossuary)
  5 adders
  6 gnolls
  A howler monkey skeleton (D:6)
  A worm (D:2)
  2 dart slugs
  67 orcs
  5 ball pythons
  7 bats
  4 endoplasms
  5 giant cockroaches
  2 goblins (D:1)
  5 hobgoblins
  A quokka (D:3)
  7 frilled lizards
  23 kobolds
  5 rats
516 creatures vanquished.

Vanquished Creatures (others)
  50 fungi
  55 plants
105 creatures vanquished.

Grand Total: 621 creatures vanquished

Notes
Turn   | Place    | Note
-------+----------+-------------------------------------------
     0 | D:1      | Kaptain the Gargoyle Earth Elementalist began the quest for
                  | the Orb.
     0 | D:1      | Reached XP level 1. HP: 10/10 MP: 3/3
    76 | D:1      | Reached XP level 2. HP: 11/16 MP: 0/5
   500 | D:1      | Reached skill level 4 in Earth Magic
   601 | D:1      | Reached XP level 3. HP: 20/20 MP: 3/6
   796 | D:1      | Learned a level 3 spell: Stone Arrow
  1142 | D:2      | Found a faded altar of an unknown god.
  1372 | D:2      | Reached skill level 1 in Armour
  1557 | D:2      | Reached skill level 1 in Fighting
  1557 | D:2      | Reached XP level 4. HP: 14/25 MP: 2/7
  2310 | D:3      | Noticed Grinder
  2351 | D:2      | Paralysed by Grinder for 3 turns
  2578 | D:3      | Reached skill level 1 in Conjurations
  2982 | D:3      | Reached XP level 5. HP: 29/29 MP: 5/9
  3653 | D:4      | Found a sacrificial altar of Ru.
  3656 | D:4      | Found a stormy altar of Qazlal.
  3658 | D:4      | Found an ancient bone altar of Kikubaaqudgha.
  3658 | D:4      | Found a shadowy altar of Dithmenos.
  3767 | D:4      | Found a bloodstained altar of Trog.
  4091 | D:4      | Noticed an ogre
  4094 | D:4      | Killed an ogre
  4095 | D:4      | Reached skill level 5 in Earth Magic
  4095 | D:4      | Reached XP level 6. HP: 35/35 MP: 7/10
  4269 | D:4      | Learned a level 2 spell: Blink
  4354 | D:4      | Found a hide-covered altar of Uskayaw.
  4608 | D:5      | Entered Level 5 of the Dungeon
  4608 | D:5      | Noticed Duvessa
  4608 | D:5      | Noticed Dowan
  4620 | D:5      | Killed Duvessa
  4725 | D:5      | Killed Dowan
  4726 | D:5      | Reached XP level 7. HP: 34/40 MP: 4/12
  4904 | D:5      | Noticed Menkaure
  4911 | D:5      | Killed Menkaure
  5205 | D:5      | Found a runed translucent door.
  5206 | D:5      | Noticed Crazy Yiuf
  5212 | D:5      | Killed Crazy Yiuf
  5403 | D:6      | Found a staircase to the Ecumenical Temple.
  5415 | D:6      | Found a sand-covered staircase.
  5421 | Ossuary  | Entered an ossuary
  5468 | Ossuary  | Reached skill level 6 in Earth Magic
  5483 | Ossuary  | Reached XP level 8. HP: 40/45 MP: 2/14
  6450 | D:6      | Reached skill level 7 in Earth Magic
  6527 | D:6      | Noticed Sigmund
  6546 | D:6      | Killed Sigmund
  6547 | D:6      | Reached skill level 5 in Spellcasting
  6547 | D:6      | Reached skill level 5 in Conjurations
  6547 | D:6      | Reached XP level 9. HP: 51/51 MP: 8/16
  6834 | D:6      | Reached skill level 5 in Stealth
  7205 | Temple   | Entered the Ecumenical Temple
  7363 | D:7      | Noticed a boulder beetle
  7371 | D:7      | Noticed a two-headed ogre
  7378 | D:7      | Noticed Tinylith's ghost (novice DsBe)
  7412 | D:7      | Found a transporter.
  7528 | D:7      | Found a transporter.
  7543 | D:7      | Reached skill level 8 in Earth Magic
  7672 | D:7      | Noticed Joseph
  7979 | D:7      | Killed Joseph
  7980 | D:7      | Reached XP level 10. HP: 46/58 MP: 6/18
  8985 | D:8      | You fall into a shaft and drop 2 floors!
  8985 | D:10     | Entered Level 10 of the Dungeon
  9075 | D:10     | Reached skill level 5 in Fighting
  9075 | D:10     | Reached skill level 9 in Earth Magic
  9077 | D:10     | Reached skill level 5 in Armour
 10146 | D:9      | Noticed a two-headed ogre
 10148 | D:9      | Killed a two-headed ogre
 10283 | D:9      | Found a basalt altar of Yredelemnul.
 10601 | D:9      | Found a transporter.
 10605 | D:9      | Noticed hitsuchi's ghost (novice GnWn)
 10605 | D:9      | Found the +3 Mad Mage's Maulers {Infuse+∞ RegenMP Int-3}
 10608 | D:9      | Noticed a moth of wrath
 10634 | D:9      | Found a transporter.
 10756 | D:9      | Reached XP level 11. HP: 64/64 MP: 12/21
 10821 | D:9      | Found a staircase to the Lair.
 11049 | D:10     | Found a staircase to the Orcish Mines.
 11214 | D:10     | Found a radiant altar of Vehumet.
 11295 | D:10     | Found a shimmering altar of Xom.
 11295 | D:10     | Found a snail-covered altar of Cheibriados.
 11296 | D:10     | Found an iron altar of Okawaru.
 11315 | D:10     | Found a portal to a secret trove of treasure.
 11571 | D:11     | Found a frozen archway.
 11576 | D:11     | Reached skill level 10 in Earth Magic
 11580 | IceCv    | Entered an ice cave
 11580 | IceCv    | Noticed a white ugly thing
 11586 | IceCv    | Found a transporter.
 11592 | IceCv    | Noticed a white ugly thing
 12055 | D:11     | Found Reament's Pet Rocks.
 12055 | D:11     | Noticed a cyclops
 12130 | D:11     | Killed a cyclops
 12140 | D:11     | Bought a book of Blasting for 448 gold pieces
 12146 | D:11     | Learned a level 5 spell: Lee's Rapid Deconstruction
 12420 | D:11     | Noticed a five-headed hydra
 12423 | D:11     | Killed a five-headed hydra
 12695 | D:11     | Noticed a two-headed ogre
 12700 | D:11     | Killed a two-headed ogre
 12920 | Lair:1   | Entered Level 1 of the Lair of Beasts
 13140 | D:9      | Reached skill level 5 in Dodging
 14161 | Lair:1   | Reached XP level 12. HP: 71/71 MP: 6/24
 14169 | Lair:1   | Reached skill level 11 in Earth Magic
 14445 | Lair:1   | Found a blossoming altar of Fedhas.
 16460 | Lair:3   | Reached skill level 10 in Conjurations
 16925 | Lair:3   | Reached skill level 12 in Earth Magic
 17025 | Lair:3   | Identified the +0 robe "Awnyck" {-Tele Rampage rPois rC+}
 17043 | Lair:3   | Noticed a catoblepas
 17139 | Lair:3   | Noticed a six-headed hydra
 17140 | Lair:3   | Noticed a six-headed hydra
 17141 | Lair:3   | Noticed Snorg
 17161 | Lair:3   | Killed a six-headed hydra
 17161 | Lair:3   | Killed a six-headed hydra
 17162 | Lair:3   | Reached XP level 13. HP: 65/76 MP: 8/26
 17529 | Lair:3   | Found a staircase to the Shoals.
 17667 | Lair:3   | Killed Snorg
 18080 | Lair:3   | Found a hole to the Spider Nest.
 19846 | Lair:5   | Found a runed translucent door.
 19849 | Lair:5   | Identified the +5 trident of Profit {flame, Dex+4}
 19851 | Lair:5   | Noticed Jeban's ghost (journeyman OpFi)
 20135 | Lair:4   | Killed Jeban's ghost
 20357 | Lair:5   | Reached skill level 13 in Earth Magic
 20512 | Lair:5   | Reached skill level 10 in Spellcasting
 20682 | Lair:5   | Identified the amulet "Bicsil" {Acrobat Str+3}
 20750 | Lair:6   | Entered Level 6 of the Lair of Beasts
 20992 | Lair:6   | Found a staircase to the Slime Pits.
 20992 | Lair:6   | Found a viscous altar of Jiyva.
 22046 | Lair:6   | Gained mutation: Your large and strong wings let you fly.
                  | [Gargoyle growth]
 22046 | Lair:6   | Reached XP level 14. HP: 78/84 MP: 13/28
 23287 | Lair:6   | Found a corrupted altar of Lugonu.
 23287 | Lair:6   | Found a one-way gate to the infinite horrors of the Abyss.
 23300 | Lair:6   | Identified the ring "Ucsuek" {+Blink rElec rPois}
 23314 | Lair:6   | Identified a scroll of acquirement
 23315 | Lair:6   | Acquired 982 gold pieces
 23536 | Orc:1    | Entered Level 1 of the Orcish Mines
 23871 | Orc:1    | Noticed Urug
 23878 | Orc:1    | Killed Urug
 23888 | Orc:1    | Noticed an orc warlord
 24024 | D:10     | Killed an orc warlord
 24025 | D:10     | Reached skill level 10 in Stealth
 24888 | Orc:1    | Found Zewk's Antique Weapon Shop.
 24953 | Orc:1    | Found Zelyunle's Specific Store.
 24957 | Orc:1    | Found Sousmiw's General Store.
 25331 | Orc:2    | Entered Level 2 of the Orcish Mines
 25877 | Orc:1    | Reached skill level 14 in Earth Magic
 26161 | Orc:2    | Paralysed by something for 3 turns
 28620 | Orc:1    | Reached XP level 15. HP: 71/90 MP: 14/30
 28900 | Orc:2    | Found a staircase to the Elven Halls.
 29011 | Orc:2    | Found Gusof's Magic Scroll Shoppe.
 29011 | Orc:2    | Found Dasil's General Store.
 29011 | Orc:2    | Found Qotwych's Assorted Antiques.
 29011 | Orc:2    | Found Lelles's Distillery.
 29019 | Orc:2    | Bought a scroll of immolation for 42 gold pieces
 29306 | D:11     | Bought the Disquisition on Stones for 616 gold pieces
 29468 | Spider:1 | Entered Level 1 of the Spider Nest
 29487 | Spider:1 | HP: 3/90 [meliai/divine providence (14)]
 29493 | Spider:1 | Killed from afar by a meliai

Illustrated notes

Levels and vault maps discovered:
D:1:      dpeg_arrival_rooms_with_view, layout_rooms
D:2:      layout_basic, shapermc_ecumenical_altar_notcrosses, minmay_ruptured
D:3:      layout_loops_ring, uniq_grinder
D:4:      layout_gridville, mainiacjoe_overflow_alcove_3, kennysheep_mini_moat,
          nicolae_uskayaw_suspiria, chequers_serial_rivers_room_a
D:5:      layout_cave_pools, uniq_crazy_yiuf_cottage, uniq_duvessa,
          uniq_menkaure
D:6:      kennysheep_steamy, layout_loops_ring, minmay_temple_entry_hall,
          nicolae_ossuary_entry_plus, roderic_serpentine_path, uniq_sigmund
D:7:      layout_rooms, nzn_ghost_randoct, uniq_joseph
D:8:      layout_cave_pods
D:9:      layout_loops_ring, mainiacjoe_overflow_24_doors, david_lair_shrubbed,
          gammafunk_ghost_berserking_beasts
D:10:     layout_basic, chequers_temple_overflow_statue_of_worship,
          mainiacjoe_overflow_alcove_1, orc_0_dummy,
          nicolae_trove_entry_free_sample, nrook_mini_vaults
D:11:     layout_basic, portal_ice_cave_entry_pillars_2, guppyfry_shop_earth
Temple:   jpeg_temple_clearing
Lair:1:   layout_regular_city, hangedman_tree_tricks, grunt_megastairs_5
Lair:2:   layout_cave_shapes, serial_bayou_shore_b
Lair:3:   layout_misc_corridors, minmay_shoals_entry_centaurs,
          spider_nest_entry_webs, pond, uniq_snorg
Lair:4:   layout_layer_cave
Lair:5:   layout_hall_layers, ebering_ghost_funeral_grove
Lair:6:   hellmonk_lair_end_abyssal_woods, layout_concentric_octagons,
          slime_altar_1
Spider:1: layout_chambers, uniq_rupert
Orc:1:    layout_diamond_mine, serial_shops, shop_fountains,
          nicolae_specific_store, uniq_urug
Orc:2:    st_orc_ogre_mass, layout_caves

Skill      XL: |  1  2  3  4  5  6  7  8  9 10 11 12 13 14 |
---------------+-------------------------------------------+-----
Earth Magic    | 4 5 6 7 8 9 10 12 13 14 | 14.5
Armour         | 1 2 3 4 5 6 7 8 9 |  9.2
Fighting       | 1 2 3 4 5 6 7 8 9 |  9.2
Conjurations   | 1 2 3 5 6 7 9 10 11 12 | 12.8
Dodging        | 2 3 4 5 6 7 |  7.2
Stealth        | 3 4 5 6 7 8 9 11 | 11.1
Spellcasting   | 3 4 5 7 8 9 10 11 | 11.2
Transmutations | |  0.7

Action                   |  1- 3 |  4- 6 |  7- 9 | 10-12 | 13-15 || total
-------------------------+-------+-------+-------+-------+-------++-------
Melee: Dagger            |    14 |       |       |       |       ||    14
       Rapier            |    18 |    15 |       |       |       ||    33
       Staff             |    24 |     1 |       |     3 |     7 ||    35
       Mace              |       |    15 |   109 |     7 |       ||   131
       Punch             |       |     1 |     3 |       |       ||     4
       Trident           |       |       |       |       |    29 ||    29
 Cast: Sandblast         |    43 |    32 |    94 |   129 |    96 ||   394
       Stone Arrow       |     2 |    22 |    26 |   109 |   128 ||   287
       Lee's Rapid Decon |       |       |       |    53 |   223 ||   276
       Blink             |       |       |       |     1 |     3 ||     4
Evoke: Wand              |       |       |       |       |     3 ||     3
  Use: Scroll            |     2 |     1 |     5 |    15 |    12 ||    35
       Potion            |     1 |       |       |     1 |     7 ||     9
Armor: Robe              |     3 |       |       |       |       ||     3
       Leather armour    |    22 |    19 |    71 |       |       ||   112
       Steam dragon scal |       |       |     2 |    72 |   112 ||   186
Dodge: Dodged            |    44 |    22 |   116 |   158 |   163 ||   503
Block: Orb               |       |       |       |       |    39 ||    39
